AoeStats
← Notgreat Notterrible

Arena

509960844Analyzed
4v4 RM · 2d ago on Sep 28, 2026· 85m 24s· 8 players
Game mode
Random Map
Map size
Large (8 player)
Population
200
Speed
Normal
Resources
Standard
Victory
Conquest
Starting age
Dark Age
Ending age
Imperial Age
RankedLock teamsTeams togetherTeam positionsShared explorationLock speedFull tech treeHidden civsTurbo modeCheats
Victory
Defeat
🇨🇿 Khmer · Czechia
705
+17
🇫🇷 Italians · France
701
+17
🇧🇪 Persians · Belgium
693
+17
🇵🇰 Turks · Pakistan
668
+18
🇮🇪 Khitans · Ireland
783
-19
🇵🇪 Bohemians · Peru
764
-19
🇪🇸 Burgundians · Spain
741
-18
🇮🇹 Huns · Italy
613
-13
SosoAllstar
10:31 Feudal Age
11:18 Double-Bit Axe
13:18 Horse Collar
16:10 Wheelbarrow
15:23 Loom
20:00 Castle Age
20:19 Stone Mining
20:22 Gold Mining
20:56 Bow Saw
20:59 Heavy Plow
22:47 Fletching
24:40 Bodkin Arrow
27:03 Thumb Ring
28:08 Hand Cart
30:25 Imperial Age
29:26 Padded Archer Armor
30:15 Silk Road
31:01 Ballistics
30:53 Masonry
30:26 Treadmill Crane
30:45 Murder Holes
31:03 Fortified Wall
31:10 Squires
30:56 Arson
32:02 Bracer
32:18 Leather Archer Armor
33:19 Chemistry
32:08 Treadmill Crane
32:24 Murder Holes
32:40 Fortified Wall
33:24 Stone Shaft Mining
34:00 Two-Man Saw
34:52 Ring Archer Armor
39:12 Forging
39:03 Scale Mail Armor
40:54 Architecture
42:52 Town Watch
44:13 Conscription
44:34 Hoardings
60:41 Caravan
60:54 Elite Skirmisher
60:56 Crossbowman
70:08 Pirotechnia
71:46 Iron Casting
71:27 Chain Mail Armor
AlarmingSquid25
0:32 Loom
12:40 Feudal Age
16:42 Double-Bit Axe
19:11 Castle Age
18:50 Gold Mining
19:04 Stone Mining
19:04 Horse Collar
20:02 Heavy Plow
20:15 Bow Saw
23:16 Gold Shaft Mining
24:29 Kamandaran
27:44 Thumb Ring
27:00 Crossbowman
33:37 Imperial Age
32:03 Wheelbarrow
31:57 Ballistics
31:31 Fletching
32:19 Bodkin Arrow
32:24 Padded Archer Armor
32:23 Town Watch
33:18 Murder Holes
34:27 Conscription
35:19 Chemistry
37:37 Leather Archer Armor
39:08 Caravan
43:01 Elite War Elephant
44:38 Ring Archer Armor
44:13 Scale Barding Armor
44:09 Scale Mail Armor
44:19 Forging
45:09 Hoardings
47:14 Crop Rotation
47:07 Masonry
47:43 Hand Cart
50:49 Two-Man Saw
50:46 Architecture
50:52 Town Patrol
51:41 Iron Casting
52:04 Chain Barding Armor
53:26 Blast Furnace
53:20 Stone Shaft Mining
61:12 Plate Barding Armor
60:53 Chain Mail Armor
64:02 Plate Mail Armor
Notgreat Notterrible
0:29 Loom
10:53 Feudal Age
11:30 Town Watch
12:02 Horse Collar
16:02 Double-Bit Axe
16:12 Gold Mining
17:38 Stone Mining
20:06 Castle Age
22:07 Town Patrol
22:50 Stone Shaft Mining
22:31 Bow Saw
24:40 Heavy Plow
25:28 Gold Shaft Mining
26:02 Fletching
30:18 Bodkin Arrow
30:56 Arson
30:32 Pikeman
31:50 Murder Holes
32:16 Ballistics
31:48 Heated Shot
32:08 Fortified Wall
32:09 Masonry
33:01 Forging
32:57 Scale Barding Armor
32:53 Scale Mail Armor
32:54 Padded Archer Armor
34:23 Iron Casting
37:14 Imperial Age
35:23 Wheelbarrow
38:25 Conscription
38:06 Double Crossbow
38:51 Hoardings
37:54 Heavy Scorpion
39:03 Hand Cart
39:52 Chemistry
38:58 Siege Engineers
39:23 Architecture
38:56 Bracer
39:17 Chain Barding Armor
39:12 Leather Archer Armor
39:13 Chain Mail Armor
39:14 Husbandry
39:25 Bloodlines
40:41 Halberdier
44:04 Crop Rotation
44:16 Plate Barding Armor
44:11 Ring Archer Armor
44:41 Blast Furnace
43:05 Light Cavalry
43:09 Elite Battle Elephant
43:55 Tusk Swords
50:31 Hussar
70:39 Caravan
komailvidz
1:03 Loom
17:26 Feudal Age
DOLAR2305
1:09 Loom
8:23 Wheelbarrow
8:43 Double-Bit Axe
14:58 Feudal Age
15:25 Gold Mining
16:11 Hand Cart
16:09 Bow Saw
18:03 Horse Collar
19:05 Stone Mining
19:52 Gold Shaft Mining
24:41 Castle Age
27:28 Heavy Plow
31:23 Two-Man Saw
29:52 Cavalier
30:32 Husbandry
31:21 Stone Shaft Mining
31:26 Gold Shaft Mining
31:31 Crop Rotation
GolTecnic
6:23 Loom
12:04 Feudal Age
12:30 Double-Bit Axe
12:30 Horse Collar
13:28 Wheelbarrow
12:47 Gold Mining
12:47 Stone Mining
18:04 Scale Mail Armor
17:55 Arson
22:16 Castle Age
20:19 Town Watch
23:17 Bow Saw
23:27 Hand Cart
23:20 Heavy Plow
24:04 Gold Shaft Mining
23:58 Chain Mail Armor
23:47 Squires
23:08 Pikeman
25:26 Fletching
33:12 Imperial Age
31:16 Bodkin Arrow
31:27 Scale Barding Armor
32:53 Marauders
33:19 Chain Barding Armor
33:06 Husbandry
33:16 Bloodlines
36:44 Town Patrol
38:18 Plate Barding Armor
38:36 Bracer
39:45 Conscription
38:47 Elite Tarkan
40:37 Ballistics
41:28 Chemistry
42:27 Two-Man Saw
42:08 Halberdier
51:22 Caravan
51:53 Coinage
51:34 Guilds
52:56 Banking
55:18 Forging
55:10 Padded Archer Armor
56:51 Iron Casting
56:27 Thumb Ring
56:48 Parthian Tactics
55:44 Elite Skirmisher
55:45 Heavy Cavalry Archer
57:12 Leather Archer Armor
58:55 Blast Furnace
DvDCover1028
12:36 Feudal Age
13:00 Domestication
13:22 Gold Mining
14:09 Wheelbarrow
13:24 Town Watch
14:33 Double-Bit Axe
18:22 Forging
21:09 Castle Age
21:52 Forging
22:01 Bow Saw
22:38 Hand Cart
22:28 Pastoralism
25:45 Iron Casting
26:28 Scale Mail Armor
27:46 Chain Mail Armor
31:19 Imperial Age
30:28 Scale Barding Armor
32:30 Conscription
32:28 Ordo Cavalry
33:12 Caravan
33:57 Transhumance
34:13 Chain Barding Armor
34:00 Elite Steppe Lancer
35:52 Husbandry
45:25 Two-Man Saw
45:11 Plate Barding Armor
48:32 Town Patrol
56:41 Fletching
56:54 Padded Archer Armor
58:05 Bodkin Arrow
58:30 Leather Archer Armor
58:20 Elite Skirmisher
59:11 Thumb Ring
62:36 Elite Liao Dao
69:35 Light Cavalry
70:55 Hussar
81:29 Heavy Rocket Cart
82:42 Bracer
fadul2105
11:44 Feudal Age
13:03 Loom
16:43 Castle Age
19:16 Double-Bit Axe
28:53 Wheelbarrow
29:10 Bow Saw
28:52 Horse Collar
30:15 Heavy Plow
36:49 Imperial Age
34:56 Hand Cart
38:23 Chemistry
38:27 Fletching
39:19 Ballistics
39:07 Siege Engineers
39:26 Conscription
39:15 Wagenburg Tactics
38:33 Pikeman
39:23 Padded Archer Armor
39:47 Forging
40:47 Town Watch
42:33 Town Patrol
44:01 Iron Casting
43:29 Scale Mail Armor
43:46 Leather Archer Armor
45:09 Elite Skirmisher
45:46 Bodkin Arrow
46:23 Ring Archer Armor
46:09 Chain Mail Armor
45:25 Houfnice
47:48 Bracer
48:20 Plate Mail Armor
48:52 Blast Furnace
48:36 Squires
47:56 Halberdier
51:17 Capped Ram
51:43 Elite Hussite Wagon
69:19 Scale Barding Armor
70:57 Husbandry
71:42 Chain Barding Armor
72:58 Cavalier
75:37 Two-Man Saw
75:12 Fortified Wall
75:13 Masonry
75:54 Light Cavalry
Connection lost

Rejoining the realm…

Still unreachable

The connection could not be restored.

Session expired

The server has moved on; the page needs a fresh start.